 Dungeon Crawl Stone Soup version 0.21.0-25-ge575cb9 (webtiles) character file.

1887 L29Ah the Slinger (level 9, 0/60 HPs)
             Began as a Halfling Hunter on Jan 25, 2018.
             Was a Believer of Qazlal.
             Succumbed to Thaneod's ghost's poison
             ... on level 7 of the Dungeon on Jan 26, 2018.
             The game lasted 01:15:39 (6715 turns).

L29Ah the Slinger (Halfling Hunter)                 Turns: 6715, Time: 01:15:40

Health: 0/60       AC: 11    Str: 15    XL:     9   Next: 37%
Magic:  5/9        EV: 10    Int: 10    God:    Qazlal [**....]
Gold:   276        SH:  4    Dex: 20    Spells: 6/8 levels left

rFire    . . .     SeeInvis .   b - +2 dagger (speed)
rCold    . . .     Gourm    .   (shield restricted)
rNeg     . . .     Faith    .   q - +0 chain mail
rPois    .         Spirit   .   w - +0 helmet
rElec    .         Reflect  +   (no cloak)
rCorr    .         Harm     .   P - +0 pair of gloves
MR       +....                  S - -1 pair of boots (curse)
Stlth    ..........             v - +2 amulet of reflection
HPRegen  0.20/turn              s - ring of protection from magic
MPRegen  0.11/turn              R - +5 ring of dexterity

@: lethally poisoned (0 -> -22)
A: small, mutation resistance 1
a: Upheaval, Renounce Religion


You were on level 7 of the Dungeon.
You worshipped Qazlal.
Qazlal was pleased with you.
You were not hungry.

You visited 2 branches of the dungeon, and saw 8 of its levels.

You collected 276 gold pieces.

Inventory:

Hand Weapons
 a - a +1 hunting sling
 b - a +2 dagger of speed (weapon)
 l - a +2 dagger of venom
 B - a +2 falchion of slicing
 L - a +0 shortbow
 U - a +3 trident of distortion
 Y - a +0 trident
 Z - a +0 dagger of freezing
Missiles
 d - 22 sling bullets
 e - 235 stones (quivered)
 n - 10 javelins
 p - 13 bolts
 r - 4 tomahawks
 J - 3 poisoned tomahawks
 K - 57 arrows
 O - 68 poisoned needles
 T - 2 exploding tomahawks
Armour
 c - a +0 animal skin
 j - a cursed +0 scale mail
 q - a +0 chain mail (worn)
 t - a +0 ring mail
 u - a +0 helmet
 w - a +0 helmet (worn)
 P - a +0 pair of gloves (worn)
 S - a cursed -1 pair of boots (worn)
 V - a +0 leather armour
 X - a +0 scale mail
Magical Staves
 M - an uncursed staff of air {unknown}
Jewellery
 s - a ring of protection from magic (left hand)
 v - a +2 amulet of reflection (around neck)
 D - an uncursed ring of protection from magic
 R - a +5 ring of dexterity (right hand)
Wands
 W - a wand of iceblast (8)
Scrolls
 g - 2 scrolls of identify
 h - 3 scrolls of remove curse
 i - 2 scrolls of enchant armour {unknown}
 k - a scroll of immolation {unknown}
 m - 3 scrolls of teleportation
 o - a scroll of enchant weapon {unknown}
 y - 2 scrolls of amnesia {unknown}
 E - a scroll of magic mapping {unknown}
 F - a scroll of fear {unknown}
 G - a scroll of noise {unknown}
 N - a scroll of blinking {unknown}
Potions
 x - 2 potions of lignification {unknown}
 z - a potion of flight
 C - a potion of haste
 I - a potion of might
Books
 A - a book of Minor Magic

   Spells                             Type                      Level
   a - Magic Dart                     Conjuration                  1
   b - Blink                          Translocation                2
   c - Call Imp                       Summoning                    2
   d - Slow                           Hexes                        2
   e - Conjure Flame                  Conjuration/Fire             3
   f - Mephitic Cloud                 Conjuration/Poison/Air       3
 Q - a book of Cantrips

   Spells                             Type                      Level
   a - Confusing Touch                Hexes                        1
   b - Animate Skeleton               Necromancy                   1
   c - Summon Small Mammal            Summoning                    1
   d - Apportation                    Translocation                1
Comestibles
 f - 10 rations


   Skills:
 + Level 4.9 Fighting
 + Level 4.8(4.9) Short Blades
 + Level 1.0(2.7) Long Blades
 + Level 12.6 Slings
 + Level 3.3 Armour
 + Level 2.9 Dodging
 + Level 3.1 Stealth


You had 6 spell levels left.
You knew the following spells:

 Your Spells              Type           Power        Failure   Level  Hunger
a - Slow                  Hex            #.......     100%        2    ###....


Dungeon Overview and Level Annotations

Branches:
Dungeon (7/15)             Temple (1/1) D:7

Altars:
Cheibriados
Elyvilon
Gozag
Hepliaklqana
Makhleb
Qazlal
Xom
Yredelemnul
Zin
The Shining One

Annotations:
D:7 Thaneod's ghost, novice DEFE


Innate Abilities, Weirdness & Mutations

You are small and have problems with some larger weapons.
You are somewhat resistant to further mutation.


Message History

You feel sick.
Thaneod's ghost hits you but does no damage.
You are more poisoned.
You closely miss Thaneod's ghost.
Thaneod's ghost is moderately damaged.
You feel sick.
Thaneod's ghost lets out a mournful wail.
Thaneod's ghost hits you but does no damage.
You are lethally poisoned!
Your +2 dagger of venom stops dripping with poison.
Your hands tingle!
b - a +2 dagger of speed (weapon)
You feel sick.
You feel sick.
You feel very sick.
You feel sick.
Thaneod's ghost gestures at you while chanting.
The flame tongue hits you!
* * * LOW HITPOINT WARNING * * *
You die...

###.##§§.#########
###....#§§§..#.#....#
#......#§§8......# .# ..#
##≈....#...##.###. ..#
#≈....####......... ..#
#≈.####..#........# ..#
#≈..###..#........# ..#
#≈...##..#.##+###.# ..##
##...≈#..#@##.# #.# # #..#
##..≈#.....#.# #.# .# ##.#
####.≈#W##..#.###.##..#
##.####....≈#........)†.....#
##...#....≈########.###.#...#
........8.≈#........#......>...#
####.#...≈≈#.########.#.#.###..#
####.≈≈## #.#.#.# .# ##### #
#.#.# #


You could see Thaneod's ghost.

Vanquished Creatures
  2 steam dragons (D:7)
  A phantom (D:5)
  An ogre (D:5)
  A centaur (D:5)
  3 bullfrogs
  2 scorpions
  A jelly (D:6)
  3 crimson imps
  6 hounds
  3 orc priests
  A bullfrog skeleton (D:6)
  9 orc wizards
  Ijyb (D:4)
  2 worker ants (D:6)
  A killer bee zombie (D:7)
  Robin (D:4)
  A hound skeleton (D:7)
  A hound zombie (D:5)
  A howler monkey skeleton (D:4)
  12 adders
  A shadow imp (D:6)
  2 oozes
  2 worms
  3 dart slugs
  4 leopard geckos
  29 orcs
  3 ball pythons
  9 bats
  3 giant cockroaches
  13 goblins
  9 hobgoblins
  8 jackals
  A quokka (D:4)
  10 frilled lizards
  5 kobolds
  A quokka zombie (D:7)
  8 rats
  A spectral orc (D:6)
165 creatures vanquished.

Notes
Turn   | Place    | Note
-------+----------+-------------------------------------------
     0 | D:1      | L29Ah the Halfling Hunter began the quest for the Orb.
     0 | D:1      | Reached XP level 1. HP: 14/14 MP: 1/1
    51 | D:1      | Reached skill level 6 in Slings
    55 | D:1      | Reached XP level 2. HP: 19/19 MP: 2/2
   513 | D:1      | Reached XP level 3. HP: 24/24 MP: 3/3
   626 | D:2      | Reached skill level 7 in Slings
   751 | D:2      | Found a shimmering altar of Xom.
   819 | D:2      | Reached skill level 1 in Armour
  1124 | D:2      | Reached XP level 4. HP: 29/29 MP: 4/4
  1558 | D:3      | Found a white marble altar of Elyvilon.
  1560 | D:3      | Found a glowing silver altar of Zin.
  1563 | D:3      | Found a glowing golden altar of the Shining One.
  1632 | D:3      | Reached XP level 5. HP: 34/34 MP: 5/5
  1792 | D:3      | Reached skill level 8 in Slings
  2317 | D:4      | Noticed Ijyb
  2322 | D:4      | Killed Ijyb
  2322 | D:4      | Reached XP level 6. HP: 41/41 MP: 6/6
  2429 | D:4      | Reached skill level 9 in Slings
  2683 | D:4      | Reached skill level 1 in Short Blades
  2715 | D:4      | Found a stormy altar of Qazlal.
  2754 | D:4      | Became a worshipper of Qazlal Stormbringer
  2779 | D:4      | Reached XP level 7. HP: 46/46 MP: 7/7
  2780 | D:4      | Noticed Robin
  2805 | D:4      | Killed Robin
  2856 | D:4      | Learned a level 2 spell: Slow
  3737 | D:5      | Entered Level 5 of the Dungeon
  3913 | D:5      | Reached skill level 10 in Slings
  4239 | D:5      | Reached XP level 8. HP: 47/54 MP: 8/8
  4754 | D:5      | Reached * piety under Qazlal
  5116 | D:6      | Reached skill level 11 in Slings
  5415 | D:6      | Found a basalt altar of Yredelemnul.
  6123 | D:7      | Found a staircase to the Ecumenical Temple.
  6133 | Temple   | Entered the Ecumenical Temple
  6223 | D:7      | Reached XP level 9. HP: 59/59 MP: 9/9
  6386 | D:7      | Reached skill level 12 in Slings
  6461 | D:7      | Reached ** piety under Qazlal
  6517 | D:7      | Reached skill level 1 in Long Blades
  6678 | D:7      | Noticed Thaneod's ghost (novice DEFE)
  6714 | D:7      | HP: 2/60 [Thaneod's ghost/flame tongue (21)]
  6715 | D:7      | Succumbed to Thaneod's ghost's poison

Skill      XL: |  1  2  3  4  5  6  7  8  9 |
---------------+----------------------------+-----
Slings         | 6 7 8 9 10 11 12 | 12.6
Armour         | 1 2 3 |  3.3
Fighting       | 2 3 4 |  4.9
Short Blades   | 1 4 |  4.8
Stealth        | 2 3 |  3.1
Long Blades    | 1 |  1.0
Dodging        | |  2.9

Action                   |  1- 3 |  4- 6 |  7- 9 || total
-------------------------+-------+-------+-------++-------
Melee: Dagger            |       |    61 |   115 ||   176
       Falchion          |       |       |    25 ||    25
 Fire: Hunting sling     |   101 |   164 |   193 ||   458
Invok: Upheaval          |       |       |     1 ||     1
  Use: Scroll            |     1 |       |     5 ||     6
  Eat: Chunk             |       |     5 |    12 ||    17
Armor: Leather armour    |    14 |    10 |       ||    24
       Ring mail         |       |     6 |    22 ||    28
       Chain mail        |       |       |    47 ||    47
Dodge: Dodged            |    23 |    68 |    75 ||   166
Block: Other             |     1 |     6 |    11 ||    18
       Reflection        |       |       |     1 ||     1
       Rpst.: Falchion   |       |       |     5 ||     5
